 Dungeon Crawl Stone Soup version 0.21.1-1-g345015fe64 (webtiles) character file.

2207 Oravi the Transmogrifier (level 9, 0/61 HPs)
             Began as a Merfolk Transmuter on Apr 16, 2018.
             Was a Believer of Qazlal.
             Slain by an ice beast (12 damage)
             ... on level 7 of the Dungeon.
             The game lasted 00:28:51 (8188 turns).

Oravi the Transmogrifier (Merfolk Transmuter)       Turns: 8188, Time: 00:28:51

Health: 0/61       AC:  2    Str: 10    XL:     9   Next: 34%
Magic:  9/10       EV: 25    Int: 16    God:    Qazlal [**....]
Gold:   257        SH:  2    Dex: 21    Spells: 6/12 levels left

rFire    . . .     SeeInvis +     - Unarmed
rCold    . . .     Gourm    .   (shield currently unavailable)
rNeg     . . .     Faith    .   (armour currently unavailable)
rPois    .         Spirit   .   (helmet currently unavailable)
rElec    .         Reflect  .   (cloak currently unavailable)
rCorr    .         Harm     .   (gloves currently unavailable)
MR       .....                  (boots currently unavailable)
Stlth    ++........             n - amulet of magic regeneration
HPRegen  0.20/turn              r - ring of poison resistance
MPRegen  0.37/turn              (no ring)

@: about to teleport, spider-form
A: tiny, (change form in water), (swift swim), (stealthy swim), thin skeletal
structure 1, see invisible, low mp 1
a: End Transformation, Upheaval, Renounce Religion


You were on level 7 of the Dungeon.
You worshipped Qazlal.
Qazlal was pleased with you.
You were not hungry.
You were a venomous arachnid creature.
You visited 2 branches of the dungeon, and saw 8 of its levels.
You also visited: Sewer.

You collected 257 gold pieces.

Inventory:

Missiles
 a - 94 arrows
Armour
 b - a +1 robe (melded)
 m - a +2 pair of gloves (melded)
 v - a +0 helmet
Jewellery
 n - an amulet of magic regeneration (around neck)
 r - a ring of poison resistance (left front leg)
Wands
 o - a wand of digging (12)
Scrolls
 e - 4 scrolls of teleportation
 g - 5 scrolls of remove curse
 j - a scroll of enchant armour
 s - a scroll of immolation {unknown}
 u - a scroll of identify
Potions
 h - 3 potions of brilliance
 i - 5 potions of flight
 k - 2 potions of berserk rage
 l - a potion of haste {unknown}
 p - 2 potions of lignification {unknown}
 q - a potion of curing {unknown}
 w - a potion of ambrosia {unknown}
Books
 c - a book of Changes

   Spells                             Type                      Level
   a - Beastly Appendage              Transmutation                1
   b - Sticks to Snakes               Transmutation                2
   c - Spider Form                    Transmutation/Poison         3
   d - Ice Form                       Ice/Transmutation            4
   e - Blade Hands                    Transmutation                5
 f - a book of Maledictions

   Spells                             Type                      Level
   a - Corona                         Hexes                        1
   b - Ensorcelled Hibernation        Hexes/Ice                    2
   c - Confuse                        Hexes                        3
   d - Tukima's Dance                 Hexes                        3
   e - Dazzling Spray                 Conjuration/Hexes            3
 t - a book of Debilitation

   Spells                             Type                      Level
   a - Corona                         Hexes                        1
   b - Slow                           Hexes                        2
   c - Inner Flame                    Hexes/Fire                   3
   d - Portal Projectile              Hexes/Translocation          3
   e - Cause Fear                     Hexes                        4
   f - Leda's Liquefaction            Hexes/Earth                  4
 x - a book of Flames

   Spells                             Type                      Level
   a - Flame Tongue                   Conjuration/Fire             1
   b - Throw Flame                    Conjuration/Fire             2
   c - Conjure Flame                  Conjuration/Fire             3
   d - Inner Flame                    Hexes/Fire                   3
   e - Sticky Flame                   Conjuration/Fire             4
   f - Fireball                       Conjuration/Fire             5
Comestibles
 d - 17 rations
 z - a chunk of flesh


   Skills:
 + Level 2.0 Fighting
 + Level 5.7 Dodging
 + Level 8.6 Unarmed Combat
 - Level 2.0 Spellcasting
 * Level 9.3 Transmutations
 * Level 5.6 Poison Magic


You had 6 spell levels left.
You knew the following spells:

 Your Spells              Type           Power        Failure   Level  Hunger
a - Beastly Appendage     Tmut           ####..       3%          1    #......
b - Sticks to Snakes      Tmut           ####....     4%          2    ###....
c - Spider Form           Tmut/Pois      ####......   10%         3    ###....


Dungeon Overview and Level Annotations

Branches:
Dungeon (7/15)             Temple (1/1) D:5

Altars:
Ashenzari
Cheibriados
Elyvilon
Fedhas
Gozag
Hepliaklqana
Kikubaaqudgha
Makhleb
Nemelex Xobeh
Okawaru
Qazlal
Ru
Sif Muna
Trog
Uskayaw
Vehumet
Wu Jian
Xom
Yredelemnul
Zin
The Shining One

Annotations:
D:7 KingHarkinian's ghost, novice DsGl


Innate Abilities, Weirdness & Mutations

((You revert to your normal form in water.))
((You are very nimble and swift while swimming.))
((You are very stealthy in the water. (Stealth+)))
((You have a beak for a mouth.))
You have a somewhat thin skeletal structure. (Dex +2, Stealth)
You have supernaturally acute eyesight. (SInv)
Your magical capacity is low. (-10% MP)
((You are covered in fur. (AC +1)))


Message History

Your water moccasin dies!
The ice beast hits you. The ice beast freezes you!
* * * LOW HITPOINT WARNING * * *
A scorpion comes into view.
Your adder bites KingHarkinian's ghost but does no damage.
Your ball python bites KingHarkinian's ghost but does no damage.
KingHarkinian's ghost closely misses your adder.
Your adder bites the ice beast but does no damage.
Okay, then.
Okay, then.
As you read the scroll of teleportation, it crumbles to dust.
You feel strangely unstable.
Your adder misses KingHarkinian's ghost.
KingHarkinian's ghost hits your adder! Something hits your ball python.
Your ball python dies!
The ice beast hits you.
* * * LOW HITPOINT WARNING * * *
The ice beast freezes you!
You die...

.....# ## #....##########
......# #. #....# #.......
.......##.# ##.#####.≈≈≈≈≈≈
....... ...## #......#.≈≈≈≈≈≈
.....%. #..####....W.'.≈≈≈≈≈≈
......< #.#.>.......#.≈≈≈≈≈≈
.....>)####.§.........#.......
..........SSY.##......########
.......(.W#.#s####.##.........
.$........S§..................
####.........###...##.........
#......#....###.##.........
#......#....# #..........##
#............# ##.###.....#
..............## #.# #.....#
##.............# #.# #...#.#
..###.##......# #.###...#.##


You could see an ice beast and 3 friendly adders.

Vanquished Creatures
  A spriggan (D:7)
  2 hungry ghosts (D:7)
  Menkaure (D:6)
  Edmund (D:4)
  A phantom (D:5)
  A necrophage (D:7)
  2 centaurs
  2 ogres
  2 bullfrogs (D:6)
  2 scorpions (D:7)
  An electric eel (D:7)
  A howler monkey (D:5)
  A hound (D:5)
  2 jellies
  2 orc priests (D:6)
  3 orc wizards
  Ijyb (D:4)
  2 merfolk sirens (Sewer)
  4 worker ants
  A merfolk avatar (Sewer)
  3 hound skeletons
  4 gnolls
  A howler monkey skeleton (D:6)
  7 adders
  4 river rats
  A shadow imp (D:7)
  An ooze (D:5)
  An adder skeleton (D:5)
  3 worms
  A dart slug (D:2)
  9 leopard geckos
  12 orcs
  7 ball pythons
  12 bats
  13 giant cockroaches
  18 goblins
  9 hobgoblins
  12 jackals
  10 kobolds
  3 quokkas
  A ball python skeleton (D:5)
  11 frilled lizards
  A leopard gecko zombie (D:7)
  35 rats
212 creatures vanquished.

Vanquished Creatures (collateral kills)
  A quokka (D:7)
1 creature vanquished.

Grand Total: 213 creatures vanquished

Notes
Turn   | Place    | Note
-------+----------+-------------------------------------------
     0 | D:1      | Oravi the Merfolk Transmuter began the quest for the Orb.
     0 | D:1      | Reached XP level 1. HP: 15/15 MP: 3/3
   351 | D:1      | Reached XP level 2. HP: 21/21 MP: 1/5
   383 | D:1      | Reached skill level 3 in Transmutations
   838 | D:1      | Reached XP level 3. HP: 26/26 MP: 4/6
   842 | D:1      | Learned a level 2 spell: Sticks to Snakes
   846 | D:1      | Learned a level 3 spell: Spider Form
  1356 | D:2      | Found a sacrificial altar of Ru.
  2126 | D:3      | Reached XP level 4. HP: 32/32 MP: 4/7
  2143 | D:3      | Reached skill level 4 in Transmutations
  2170 | D:3      | Gained mutation: Your magical capacity is low. (-10% MP) [potion of mutation]
  2170 | D:3      | Gained mutation: You are covered in fur. (AC +1) [potion of mutation]
  2170 | D:3      | HP: 1/32 [something/puff of flame (6)]
  2173 | D:3      | Reached skill level 1 in Poison Magic
  2182 | D:3      | Lost mutation: You are covered in fur. (AC +1) [potion of mutation]
  2182 | D:3      | Lost mutation: Your magical capacity is low. (-10% MP) [potion of mutation]
  2182 | D:3      | Gained mutation: You have a pair of small horns on your head. [potion of mutation]
  2182 | D:3      | Gained mutation: You have a somewhat thin skeletal structure. (Dex +2, Stealth) [potion of mutation]
  2219 | D:3      | Lost mutation: You have a pair of small horns on your head. [potion of mutation]
  2219 | D:3      | Gained mutation: Your spells are a little harder to cast, but a little more powerful. [potion of mutation]
  2219 | D:3      | Gained mutation: Your movements are slightly less encumbered by armour. (ER -2) [potion of mutation]
  2566 | D:3      | Reached XP level 5. HP: 37/37 MP: 4/8
  2594 | D:3      | Found a hide-covered altar of Uskayaw.
  2633 | D:3      | Lost mutation: Your movements are slightly less encumbered by armour. (ER -2) [potion of mutation]
  2633 | D:3      | Lost mutation: Your spells are a little harder to cast, but a little more powerful. [potion of mutation]
  2633 | D:3      | Gained mutation: You have supernaturally acute eyesight. (SInv) [potion of mutation]
  2633 | D:3      | Gained mutation: You are frail. (-10% HP) [potion of mutation]
  2633 | D:3      | Gained mutation: You are covered in fur. (AC +1) [potion of mutation]
  2861 | D:3      | Lost mutation: You are frail. (-10% HP) [potion of mutation]
  2861 | D:3      | Gained mutation: Your magical capacity is low. (-10% MP) [potion of mutation]
  2861 | D:3      | Gained mutation: You have a beak for a mouth. [potion of mutation]
  3192 | D:4      | Reached skill level 5 in Unarmed Combat
  3517 | D:4      | Noticed Ijyb
  3517 | D:4      | Noticed Edmund
  3610 | D:4      | Killed Ijyb
  3610 | D:4      | Reached skill level 5 in Transmutations
  3610 | D:4      | Reached XP level 6. HP: 39/43 MP: 8/8
  3683 | D:4      | Killed Edmund
  3940 | D:5      | Entered Level 5 of the Dungeon
  3982 | D:5      | Found an iron altar of Okawaru.
  4365 | D:5      | Noticed a phantom
  4461 | D:5      | Killed a phantom
  4461 | D:5      | Reached skill level 6 in Transmutations
  4461 | D:5      | Reached XP level 7. HP: 24/48 MP: 3/9
  4726 | D:5      | Found a staircase to the Ecumenical Temple.
  4742 | Temple   | Entered the Ecumenical Temple
  4936 | D:5      | Found a blossoming altar of Fedhas.
  4942 | D:5      | Found a stormy altar of Qazlal.
  5230 | D:5      | Reached skill level 7 in Transmutations
  5490 | D:5      | Became a worshipper of Qazlal Stormbringer
  5507 | D:6      | Found a shattered altar of Ashenzari.
  5507 | D:6      | Found an ancient bone altar of Kikubaaqudgha.
  5509 | D:6      | Found a snail-covered altar of Cheibriados.
  5785 | D:6      | Reached XP level 8. HP: 45/54 MP: 6/9
  5950 | D:6      | Noticed Menkaure
  5971 | D:6      | Killed Menkaure
  6106 | D:6      | Found a glowing drain.
  6210 | Sewer    | Entered a sewer
  6230 | Sewer    | Reached * piety under Qazlal
  6500 | Sewer    | Reached skill level 8 in Transmutations
  7185 | D:6      | Reached ** piety under Qazlal
  7315 | D:6      | Reached skill level 5 in Dodging
  7625 | D:7      | Reached skill level 5 in Poison Magic
  7662 | D:7      | Reached XP level 9. HP: 39/61 MP: 8/10
  7672 | D:7      | Reached skill level 9 in Transmutations
  8155 | D:7      | Noticed KingHarkinian's ghost (novice DsGl)
  8188 | D:7      | Slain by an ice beast

Skill      XL: |  1  2  3  4  5  6  7  8  9 |
---------------+----------------------------+-----
Dodging        | 3 4 5 |  5.7
Transmutations | 3 4 5 6 7 8 9 |  9.3
Unarmed Combat | 4 5 6 8 |  8.6
Poison Magic   | 1 2 3 5 |  5.6
Fighting       | 2 |  2.0
Spellcasting   | |  2.0

Action                   |  1- 3 |  4- 6 |  7- 9 || total
-------------------------+-------+-------+-------++-------
Melee: Unarmed           |   122 |   163 |   331 ||   616
       Headbutt          |     8 |     2 |       ||    10
       Punch             |       |     1 |       ||     1
       Peck              |       |       |     3 ||     3
       Tailslap          |       |       |     2 ||     2
 Cast: Beastly Appendage |    18 |     3 |     2 ||    23
       Spider Form       |    14 |    25 |    39 ||    78
       Sticks to Snakes  |       |    13 |     9 ||    22
 Abil: End Transformatio |       |       |     1 ||     1
  Use: Scroll            |     5 |     2 |     3 ||    10
       Potion            |       |     7 |     1 ||     8
 Stab: Distracted        |       |     1 |       ||     1
       Sleeping          |       |     1 |     4 ||     5
  Eat: Chunk             |     7 |     9 |    13 ||    29
       Ration            |       |     1 |     2 ||     3
Armor: Robe              |    11 |     6 |     4 ||    21
       Skin              |     3 |    10 |    11 ||    24
Dodge: Dodged            |    97 |   146 |   267 ||   510
Block: Other             |       |       |    10 ||    10
